NCAA
OKLAHOMA SOONERS @ MIAMI HURRICANES
03/01/2060
 
TOP OF THE 1ST
Oklahoma Sooners batting - Pitching for Miami Hurricanes : RHP Billy Passante
Pitching: RHP Billy Passante
Batting: RHB James Kochan 0-0: Swinging Strike
0-1: Foul Ball, location: 2F
0-2: Strikes out swinging
Batting: LHB Marcus Valdez 0-0: Called Strike
0-1: Ball
1-1: Ball
2-1: Fly out, F9 (Flyball, 9S, EV 86.9 MPH)
Batting: RHB Chase McNeil 0-0: Ball
1-0: Foul Ball, location: 2F
1-1: Called Strike
1-2: Foul Ball, location: 2F
1-2: SOLO HOME RUN (Flyball, 7D, EV 100.0 MPH), Distance : 378 ft
Batting: SHB Erik Gripka 0-0: Ball
1-0: Ball
2-0: Ball
3-0: Called Strike
3-1: Swinging Strike
3-2: SINGLE (Groundball, 4MS, EV 63.8 MPH) (infield hit)
Batting: RHB O.K. Luzak 0-0: Called Strike
0-1: Foul Ball, location: 2F
0-2: SINGLE (Groundball, 56D, EV 106.2 MPH)
Erik Gripka to second
Batting: SHB Abe Haag 0-0: Swinging Strike
0-1: 3-RUN HOME RUN (Flyball, 9LD, EV 96.9 MPH), Distance : 345 ft
Batting: RHB Andy Bottoms 0-0: Swinging Strike
0-1: Called Strike
0-2: Ball
1-2: Ball
2-2: Ball
3-2: Base on Balls
Batting: RHB Gabe Woods 0-0: Ball
1-0: Fly out, F9 (Flyball, 9, EV 98.1 MPH)
Top of the 1st over - 4 runs, 4 hits, 0 errors, 1 left on base; Oklahoma 4 - Miami 0
BOTTOM OF THE 1ST
Miami Hurricanes batting - Pitching for Oklahoma Sooners : RHP Jerome Ibarra
Pitching: RHP Jerome Ibarra
Batting: LHB Jarod Reinhardt 0-0: Ball
1-0: Ball
2-0: Foul Ball, location: 2F
2-1: Foul Ball, location: 2F
2-2: Ball
3-2: Fly out, F7 (Flyball, 7LD, EV 93.8 MPH)
Batting: RHB James Jerrell 0-0: Swinging Strike
0-1: Called Strike
0-2: Ball
1-2: Ball
2-2: Ground out 5-3 (Groundball, 56S, EV 86.2 MPH)
Batting: LHB Jerry Fox 0-0: Ball
1-0: Called Strike
1-1: Fly out, F8 (Flyball, 8LXD, EV 99.4 MPH)
Bottom of the 1st over - 0 runs, 0 hits, 0 errors, 0 left on base; Oklahoma 4 - Miami 0
TOP OF THE 2ND
Oklahoma Sooners batting - Pitching for Miami Hurricanes : RHP Billy Passante
Batting: RHB Marvin Reierson 0-0: Called Strike
0-1: Called Strike
0-2: SINGLE (Line Drive, 89M, EV 86.2 MPH)
Batting: RHB James Kochan 0-0: Ball
1-0: Called Strike
1-1: Ball
Marvin Reierson is caught stealing 2nd base 2-4
2-1: SINGLE (Groundball, 56D, EV 101.2 MPH)
Batting: LHB Marcus Valdez 0-0: Ball
1-0: Ball
2-0: Fielders Choice at 2nd, 4-6 (Groundball, 4, EV 84.4 MPH)
Batting: RHB Chase McNeil 0-0: DOUBLE (Flyball, 89D, EV 91.9 MPH)
Marcus Valdez to third
Batting: SHB Erik Gripka 0-0: Ball
1-0: Ball
2-0: Foul Ball, location: 2F
2-1: Ball
3-1: Swinging Strike
3-2: Fly out, F8 (Line Drive, 8LD, EV 91.9 MPH)
Top of the 2nd over - 0 runs, 3 hits, 0 errors, 2 left on base; Oklahoma 4 - Miami 0
BOTTOM OF THE 2ND
Miami Hurricanes batting - Pitching for Oklahoma Sooners : RHP Jerome Ibarra
Batting: RHB Vinnie Hayes 0-0: Foul Ball, location: 2F
0-1: Ball
1-1: SINGLE (Line Drive, 3D, EV 101.2 MPH)
Batting: LHB Richie Levin 0-0: Fly out, F8 (Flyball, 8LXD, EV 99.4 MPH)
Batting: SHB Dezmond Koehler 0-0: Ball
1-0: SINGLE (Groundball, 34D, EV 104.4 MPH)
Vinnie Hayes to second
Runner from 2nd tries for 3rd, SAFE, no throw by RF
Batting: RHB Lanny Lozano 0-0: Ball
Dezmond Koehler steals 2nd base
1-0: Foul Ball, location: 2F
1-1: Ground out 1-3 (Groundball, 13S, EV 73.1 MPH)
Batting: RHB Quinn Aguilar 0-0: Ball
1-0: Called Strike
1-1: Ball
2-1: Foul Ball, location: 2F
2-2: Ground out 6-3 (Groundball, 56, EV 105.6 MPH)
Bottom of the 2nd over - 0 runs, 2 hits, 0 errors, 2 left on base; Oklahoma 4 - Miami 0
TOP OF THE 3RD
Oklahoma Sooners batting - Pitching for Miami Hurricanes : RHP Billy Passante
Batting: RHB O.K. Luzak 0-0: Ball
1-0: Ball
2-0: Ball
3-0: Called Strike
3-1: Called Strike
3-2: Ground out 4-3 (Groundball, 34, EV 101.2 MPH)
Batting: SHB Abe Haag 0-0: Ball
1-0: Swinging Strike
1-1: Foul Ball, location: 2F
1-2: Ball
2-2: TRIPLE (Line Drive, 78D, EV 89.4 MPH)
Batting: RHB Andy Bottoms 0-0: Called Strike
0-1: Ball
1-1: Ground out 6-3 (Groundball, 6S, EV 73.1 MPH)
Abe Haag scores
Batting: RHB Gabe Woods 0-0: Ball
1-0: Called Strike
1-1: Ball
2-1: Swinging Strike
2-2: Foul Ball, location: 2F
2-2: Strikes out looking
Top of the 3rd over - 1 run, 1 hit, 0 errors, 0 left on base; Oklahoma 5 - Miami 0
BOTTOM OF THE 3RD
Miami Hurricanes batting - Pitching for Oklahoma Sooners : RHP Jerome Ibarra
Batting: RHB Jamie Quimby 0-0: Foul Ball, location: 2F
0-1: Ball
1-1: Ball
2-1: SINGLE (Groundball, 4D, EV 102.5 MPH)
Batting: LHB Jarod Reinhardt 0-0: Ball
1-0: Called Strike
1-1: Ball
2-1: Fielders Choice at 2nd, 6-4 (Groundball, 6, EV 86.2 MPH)
Batting: RHB James Jerrell 0-0: Called Strike
0-1: Ball
1-1: Swinging Strike
1-2: Foul Ball, location: 2F
1-2: Ball
2-2: Ball
3-2: Foul Ball, location: 2F
3-2: Strikes out swinging
Batting: LHB Jerry Fox 0-0: Ball
1-0: Ball
2-0: Called Strike
2-1: Ball
3-1: 2-RUN HOME RUN (Flyball, 9D, EV 97.5 MPH), Distance : 378 ft
Batting: RHB Vinnie Hayes 0-0: Called Strike
0-1: Ball
1-1: Ball
2-1: Foul Ball, location: 2F
2-2: Ground out 5-3 (Groundball, 56, EV 80.0 MPH)
Bottom of the 3rd over - 2 runs, 2 hits, 0 errors, 0 left on base; Oklahoma 5 - Miami 2
TOP OF THE 4TH
Oklahoma Sooners batting - Pitching for Miami Hurricanes : RHP Billy Passante
Pitching: LHP Crispin Gibbons
Batting: RHB Marvin Reierson 0-0: Ball
1-0: Called Strike
1-1: Foul Ball, location: 2F
1-2: Foul Ball, location: 2F
1-2: Foul Ball, location: 2F
1-2: Strikes out swinging
Batting: RHB James Kochan 0-0: Ball
1-0: Ball
2-0: Ball
3-0: Foul Ball, location: 2F
3-1: Called Strike
3-2: Foul Ball, location: 2F
3-2: SINGLE (Groundball, 6M, EV 97.5 MPH) (infield hit)
Batting: LHB Marcus Valdez 0-0: Ball
1-0: Sac Bunt to P - play at first, batter OUT! 1-3
James Kochan to second
Batting: RHB Chase McNeil 0-0: Foul Ball, location: 2F
0-1: Ball
1-1: Ball
2-1: Ball
3-1: Swinging Strike
3-2: Base on Balls
Batting: SHB Erik Gripka 0-0: Called Strike
0-1: Ball
1-1: Ball
2-1: SINGLE (Groundball, 4MD, EV 102.5 MPH)
James Kochan to third
Chase McNeil to second
Batting: RHB O.K. Luzak 0-0: Called Strike
0-1: Ground out 3-1 (Groundball, 34, EV 105.6 MPH)
Top of the 4th over - 0 runs, 2 hits, 0 errors, 3 left on base; Oklahoma 5 - Miami 2
BOTTOM OF THE 4TH
Miami Hurricanes batting - Pitching for Oklahoma Sooners : RHP Jerome Ibarra
Batting: LHB Richie Levin 0-0: Called Strike
0-1: Called Strike
0-2: Ball
1-2: Strikes out swinging, 2-3 out at first.
Batting: SHB Dezmond Koehler 0-0: Ball
1-0: Ball
2-0: Ground out 4-3 (Groundball, 4, EV 78.8 MPH)
Batting: RHB Lanny Lozano 0-0: Ball
1-0: Swinging Strike
1-1: Called Strike
1-2: Ball
2-2: Fly out, F7 (Line Drive, 7S, EV 95.0 MPH)
Bottom of the 4th over - 0 runs, 0 hits, 0 errors, 0 left on base; Oklahoma 5 - Miami 2
TOP OF THE 5TH
Oklahoma Sooners batting - Pitching for Miami Hurricanes : LHP Crispin Gibbons
Batting: SHB Abe Haag 0-0: Ball
1-0: Foul Ball, location: 2F
1-1: Foul Ball, location: 2F
1-2: Strikes out looking
Batting: RHB Andy Bottoms 0-0: Ball
1-0: Called Strike
1-1: Ball
2-1: Foul Ball, location: 2F
2-2: Ball
3-2: Foul Ball, location: 2F
3-2: Foul Ball, location: 2F
3-2: Strikes out swinging
Batting: RHB Gabe Woods 0-0: Ball
1-0: Swinging Strike
1-1: Foul Ball, location: 2F
1-2: Strikes out looking
Top of the 5th over - 0 runs, 0 hits, 0 errors, 0 left on base; Oklahoma 5 - Miami 2
BOTTOM OF THE 5TH
Miami Hurricanes batting - Pitching for Oklahoma Sooners : RHP Jerome Ibarra
Batting: RHB Quinn Aguilar 0-0: Ball
1-0: Fly out, F8 (Flyball, 89S, EV 83.8 MPH)
Batting: RHB Jamie Quimby 0-0: Ball
1-0: Ground out 6-3 (Groundball, 6, EV 103.1 MPH)
Batting: LHB Jarod Reinhardt 0-0: Ball
1-0: Called Strike
1-1: Called Strike
1-2: Ball
2-2: Ball
3-2: Base on Balls
Batting: RHB James Jerrell 0-0: Ball
1-0: Called Strike
1-1: Ball
2-1: Swinging Strike
2-2: Ball
3-2: SINGLE (Line Drive, 4M, EV 111.9 MPH)
Jarod Reinhardt to second
Jarod Reinhardt to third
Batting: LHB Jerry Fox 0-0: Called Strike
0-1: DOUBLE (Line Drive, 7LS, EV 103.1 MPH)
Jarod Reinhardt scores
James Jerrell to third
Runner from 3rd tries for Home, throw by LF and OUT! 7-6-2
Bottom of the 5th over - 1 run, 2 hits, 0 errors, 1 left on base; Oklahoma 5 - Miami 3
TOP OF THE 6TH
Oklahoma Sooners batting - Pitching for Miami Hurricanes : LHP Crispin Gibbons
Batting: RHB Marvin Reierson 0-0: Swinging Strike
0-1: Ball
1-1: Ball
2-1: Bunt missed!
2-2: Foul Ball, location: 2F
2-2: Ball
3-2: Base on Balls
Batting: RHB James Kochan 0-0: Called Strike
0-1: Ball
1-1: Sac Bunt to 13 - play at first, batter OUT! 1-3
Marvin Reierson to second
Batting: LHB Marcus Valdez 0-0: Ball
1-0: Ball
2-0: Called Strike
2-1: Ground out 6-3 (Groundball, P, EV 88.1 MPH)
Marvin Reierson to third
Pitching: RHP Julian Hilbert
Batting: RHB Chase McNeil 0-0: Called Strike
0-1: Ball
1-1: DOUBLE (Line Drive, 9LS, EV 98.1 MPH)
Marvin Reierson scores
Batting: SHB Erik Gripka 0-0: Called Strike
0-1: Fly out, F8 (Flyball, 78S, EV 99.4 MPH)
Top of the 6th over - 1 run, 1 hit, 0 errors, 1 left on base; Oklahoma 6 - Miami 3
BOTTOM OF THE 6TH
Miami Hurricanes batting - Pitching for Oklahoma Sooners : RHP Jerome Ibarra
Batting: RHB Vinnie Hayes 0-0: Ball
1-0: Ball
2-0: Ground out 6-3 (Groundball, 6, EV 84.4 MPH)
Pitching: RHP Jack McCormick
Batting: LHB Richie Levin 0-0: Called Strike
0-1: Foul Ball, location: 2F
0-2: Strikes out swinging
Batting: SHB Dezmond Koehler 0-0: Foul Ball, location: 2F
0-1: Ball
1-1: Foul Ball, location: 2F
1-2: Strikes out looking
Bottom of the 6th over - 0 runs, 0 hits, 0 errors, 0 left on base; Oklahoma 6 - Miami 3
TOP OF THE 7TH
Oklahoma Sooners batting - Pitching for Miami Hurricanes : RHP Julian Hilbert
Batting: RHB O.K. Luzak 0-0: Ball
1-0: Called Strike
1-1: Ball
2-1: Called Strike
2-2: Ball
3-2: Ground out 6-3 (Groundball, 6, EV 84.4 MPH)
Batting: SHB Abe Haag 0-0: Ball
1-0: Fly out, F6 (Popup, 6M, EV 53.8 MPH)
Batting: RHB Andy Bottoms 0-0: Ground out U3 (Groundball, 34S, EV 82.5 MPH)
Top of the 7th over - 0 runs, 0 hits, 0 errors, 0 left on base; Oklahoma 6 - Miami 3
BOTTOM OF THE 7TH
Miami Hurricanes batting - Pitching for Oklahoma Sooners : RHP Jack McCormick
Batting: RHB Lanny Lozano 0-0: Ball
1-0: Ball
2-0: Ball
3-0: Called Strike
3-1: Swinging Strike
3-2: Strikes out swinging
Batting: RHB Quinn Aguilar 0-0: Fly out, F9 (Flyball, 9D, EV 103.8 MPH)
Batting: RHB Jamie Quimby 0-0: Ball
1-0: Ball
2-0: Ball
3-0: Base on Balls
Batting: LHB Jarod Reinhardt 0-0: Foul Ball, location: 2F
0-1: Called Strike
0-2: Foul Ball, location: 2F
0-2: Ball
1-2: Foul Ball, location: 2F
1-2: Foul Ball, location: 2F
1-2: Foul Ball, location: 2F
1-2: Foul Ball, location: 2F
1-2: Ball
2-2: Fly out, F8 (Flyball, 8RXD, EV 100.6 MPH)
Bottom of the 7th over - 0 runs, 0 hits, 0 errors, 1 left on base; Oklahoma 6 - Miami 3
TOP OF THE 8TH
Oklahoma Sooners batting - Pitching for Miami Hurricanes : RHP Julian Hilbert
Batting: RHB Gabe Woods 0-0: Ball
1-0: Foul Ball, location: 2F
1-1: Ball
2-1: Swinging Strike
2-2: Ball
3-2: Strikes out swinging
Batting: RHB Marvin Reierson 0-0: Called Strike
0-1: Ball
1-1: Foul Ball, location: 2F
1-2: Foul Ball, location: 2F
1-2: Strikes out swinging
Batting: RHB James Kochan 0-0: Ball
1-0: Ball
2-0: Ball
3-0: Base on Balls
Batting: LHB Marcus Valdez 0-0: Ball
1-0: Called Strike
James Kochan steals 2nd base
1-1: Ball
2-1: Ground out 6-3 (Groundball, 6, EV 88.8 MPH)
Top of the 8th over - 0 runs, 0 hits, 0 errors, 1 left on base; Oklahoma 6 - Miami 3
BOTTOM OF THE 8TH
Miami Hurricanes batting - Pitching for Oklahoma Sooners : RHP Jack McCormick
Batting: RHB James Jerrell 0-0: Called Strike
0-1: Ball
1-1: Called Strike
1-2: Ball
2-2: Strikes out swinging
Batting: LHB Jerry Fox 0-0: Ball
1-0: Called Strike
1-1: Ball
2-1: Called Strike
2-2: Foul Ball, location: 2F
2-2: Ball
3-2: Ground out 4-3 (Groundball, 34D, EV 103.8 MPH)
Batting: RHB Vinnie Hayes 0-0: Called Strike
0-1: SINGLE (Flyball, 8RS, EV 88.8 MPH)
Batting: LHB Richie Levin 0-0: Called Strike
0-1: Ball
1-1: Ball
2-1: Called Strike
2-2: Ball
3-2: Foul Ball, location: 2F
3-2: Hit by Pitch
Vinnie Hayes to second
Batting: SHB Dezmond Koehler 0-0: SINGLE (Flyball, 89S, EV 91.9 MPH)
Vinnie Hayes to third
Richie Levin to second
Runner from 3rd tries for Home, SAFE, throw by RF to home
Pinch Runner at 2nd Devon Perkins:
Pinch Hitting: RHB Isaac McCall 0-0: Called Strike
0-1: Ball
1-1: Foul Ball, location: 2F
1-2: Ball
2-2: Strikes out looking
Bottom of the 8th over - 1 run, 2 hits, 0 errors, 2 left on base; Oklahoma 6 - Miami 4
TOP OF THE 9TH
Oklahoma Sooners batting - Pitching for Miami Hurricanes : RHP Julian Hilbert
Now at 1B: Cordell Reichert
Now in RF: Kyle Reichel
Batting: RHB Chase McNeil 0-0: Ground out 1-3 (Groundball, 13, EV 68.1 MPH)
Batting: SHB Erik Gripka 0-0: Ball
1-0: Fly out, F7 (Flyball, 78D, EV 95.0 MPH)
Batting: RHB O.K. Luzak 0-0: Ball
1-0: Ball
2-0: SINGLE (Line Drive, 89M, EV 90.0 MPH)
Batting: SHB Abe Haag 0-0: Fielders Choice at 2nd, 5-4 (Groundball, 56, EV 104.4 MPH)
Top of the 9th over - 0 runs, 1 hit, 0 errors, 1 left on base; Oklahoma 6 - Miami 4
BOTTOM OF THE 9TH
Miami Hurricanes batting - Pitching for Oklahoma Sooners : RHP Jack McCormick
Pitching: LHP James Williams
Now at 1B: TeMarcus McDowell
Batting: RHB Quinn Aguilar 0-0: Called Strike
0-1: Called Strike
0-2: SINGLE (Groundball, 3D, EV 95.6 MPH)
Batting: RHB Jamie Quimby 0-0: Ball
1-0: Fielders Choice at 2nd, 6-4 (Groundball, 56, EV 107.5 MPH)
Batting: LHB Jarod Reinhardt 0-0: Swinging Strike
0-1: Foul Ball, location: 2F
0-2: Fly out, F8 (Flyball, 8LD, EV 103.8 MPH)
Batting: RHB James Jerrell 0-0: Ball
1-0: Ball
2-0: Ball
3-0: Base on Balls
Jamie Quimby to second
Batting: LHB Jerry Fox 0-0: Foul Ball, location: 2F
0-1: Swinging Strike
0-2: Ground out U3 (Groundball, 3, EV 110.6 MPH)
Bottom of the 9th over - 0 runs, 1 hit, 0 errors, 2 left on base; Oklahoma 6 - Miami 4
Tuesday, April 16th , 2024 - OOTP Baseball 23.10 Build 110